 Dungeon Crawl Stone Soup version 0.27-a0-1572-gacd6f1ce93 (webtiles) character file.

Game seed: 8922938238690422195

60 DocSulfur the Grave Robber (level 3, 0/36 HPs)
             Began as a Demonspawn Necromancer on July 17, 2021.
             Succumbed to an adder's poison
             ... on level 2 of the Dungeon.
             The game lasted 00:08:29 (1405 turns).

DocSulfur the Grave Robber (Demonspawn Necromancer) Turns: 1405, Time: 00:08:30

Health: 0/36       AC: 21    Str:  8    XL:     3   Next: 80%
Magic:  7/7        EV:  2    Int: 17    God:
Gold:   36         SH:  0    Dex: 13    Spells: 6/8 levels left

rFire    . . .     SeeInvis .   b - +0 hand axe
rCold    . . .     Faith    .   (no shield)
rNeg     + + +     Spirit   .   (armour currently unavailable)
rPois    +         Reflect  .   (helmet currently unavailable)
rElec    .         Harm     .   (cloak currently unavailable)
rCorr    .         Rampage  .   (gloves currently unavailable)
Will     .....     NoTele   +   (boots currently unavailable)
Stlth    ++........             (no amulet)
HPRegen  0.12/turn              (no ring)
MPRegen  0.10/turn              (no ring)

@: lethally poisoned (0 -> -3), tree-form, very slightly contaminated, invisible
A: stationary, stasis, torment immunity, boosted hp, (talons 1), powered by pain
1
a: no special abilities


You were on level 2 of the Dungeon.
You were a tree.
You visited 1 branch of the dungeon, and saw 2 of its levels.

You collected 36 gold pieces.

Inventory:

Hand Weapons
 b - a +0 hand axe (weapon)
Missiles
 a - 2 boomerangs
 f - 4 atropa-tipped darts
 j - 60 stones (quivered)
Armour
 k - a +0 robe (melded)
 l - a +0 cloak (melded)
Scrolls
 e - a scroll of enchant armour {unknown}
 i - a scroll of identify {unknown}
Potions
 h - a potion of heal wounds {unknown}


   Skills:
 - Level 1.7 Dodging
 - Level 1.7 Stealth
 + Level 3.1 Spellcasting
 + Level 5.2 Necromancy


You had 6 spell levels left.
You knew the following spells:

 Your Spells              Type           Power      Damage    Failure   Level
a - Pain                  Necr           80%        1d8       1%          1
b - Animate Skeleton      Necr           40%        N/A       1%          1

Your spell library contained the following spells:

 Spells                   Type           Power      Damage    Failure   Level
 Vampiric Draining        Necr           10%        2d7       6%          3
 Animate Dead             Necr           10%        N/A       21%         4
 Agony                    Necr           20%        N/A       50%         5


Dungeon Overview and Level Annotations

Branches:
Dungeon (2/15)

Altars:
Ru


Innate Abilities, Weirdness & Mutations

You are a tree.
Your roots penetrate the ground, keeping you stationary.
You cannot be teleported.
You are immune to unholy pain and torment.
Your maximum health is greatly increased.
Your equipment is partially melded.
((You have sharp toenails.))
You sometimes gain a little power by taking damage.


Message History

Press: ? - help, Shift-Dir - straight line, f - adder
Aim: an adder (wandering, hasn't noticed you, chance to affect: 85%)
Okay, then.
Found a scroll labelled VUBEGO FEPPACH.
Casting: Pain (safe; 1% risk of failure)
Confirm with . or Enter, or press ? or * to list all spells.
Aiming: Pain (safe; 1% risk of failure)
Press: ? - help, Shift-Dir - straight line, f - adder
Aim: an adder (chance to affect: 85%)
The adder barely resists.
Casting: Pain (safe; 1% risk of failure)
Confirm with . or Enter, or press ? or * to list all spells.
Aiming: Pain (safe; 1% risk of failure)
Press: ? - help, Shift-Dir - straight line, f/p - adder
Aim: an adder (chance to affect: 85%)
The adder writhes in agony.
The adder bites you.
* * * LOW HITPOINT WARNING * * *
You are lethally poisoned!
The adder poisons you!
Casting: Pain (safe; 1% risk of failure)
Confirm with . or Enter, or press ? or * to list all spells.
Aiming: Pain (safe; 1% risk of failure)
Press: ? - help, Shift-Dir - straight line, f/p - adder
Aim: an adder (heavily wounded, chance to affect: 85%)
The adder writhes in agony!
You kill the adder!
* * * LOW HITPOINT WARNING * * *
You feel sick.
It was a potion of magic.
Magic courses through your body.
* * * LOW HITPOINT WARNING * * *
You feel sick.
It was a potion of invisibility.
You fade into invisibility!
* * * LOW HITPOINT WARNING * * *
You feel sick.
You are very lightly contaminated with residual magic.
It was a potion of lignification.
You turn into a tree.
Your +0 cloak melds into your body.
Your +0 robe melds into your body.
Your roots penetrate the ground.
You die...

.. #.#.###. #.#
#.##...$#(.## #.#
#^.#...#.#..# #?# #
###.#..##.##.# #.#.#
....#........###.#.#
............)S..$..#
...w..####.#####.###
...#..# #†# #.#
...#..# #)#####♣#
...##.# #.......#
#####.## #.#######
#####..# #(#
...##..###.#
w..##...##.#
...##...##.#########
...###..##.........#
.......>........####


There were no monsters in sight!

Vanquished Creatures
  2 gnolls
  An adder (D:2)
  A dart slug (D:1)
  3 ball pythons (D:1)
  2 giant cockroaches (D:2)
  3 hobgoblins (D:2)
  3 kobolds
  4 quokkas
  3 bats
  2 frilled lizards (D:1)
  5 rats
29 creatures vanquished.

Vanquished Creatures (collateral kills)
  An endoplasm (D:1)
  A giant cockroach (D:2)
2 creatures vanquished.

Grand Total: 31 creatures vanquished

Notes
Turn   | Place    | Note
-------+----------+-------------------------------------------
     0 | D:1      | DocSulfur the Demonspawn Necromancer began the quest for
                  | the Orb.
     0 | D:1      | Reached XP level 1. HP: 13/13 MP: 3/3
   214 | D:1      | Learned a level 1 spell: Animate Skeleton
   382 | D:1      | Gained mutation: You sometimes gain a little power by
                  | taking damage. [demonic ancestry]
   382 | D:1      | Reached XP level 2. HP: 15/19 MP: 0/5
  1069 | D:2      | Gained mutation: You have sharp toenails. [demonic
                  | ancestry]
  1069 | D:2      | Reached XP level 3. HP: 23/24 MP: 4/7
  1077 | D:2      | Reached skill level 5 in Necromancy
  1155 | D:2      | Found a sacrificial altar of Ru.
  1404 | D:2      | HP: 1/24 [poisoned by an adder]
  1405 | D:2      | Succumbed to an adder's poison

Illustrated notes

Levels and vault maps discovered:
D:1:      heliophobic_arrival_glass_houses, layout_basic
D:2:      layout_basic, basic_altar, basic_ecumenical_altar, minmay_tall_x

Skill      XL: |  1  2  3 |
---------------+----------+-----
Necromancy     | 5 |  5.2
Spellcasting   | 3 |  3.1
Dodging        | |  1.7
Stealth        | |  1.7

Action                   || total
-------------------------++-------
Melee: Hand axe          ||    50
       Unarmed           ||     5
       Kick              ||     8
Throw: Stone             ||     3
 Cast: Pain              ||    36
       Animate Skeleton  ||     5
  Use: Potion            ||     3
Armor: Robe              ||    11
Dodge: Dodged            ||    50

Table legend: (Time is in decaauts)
 A = Elapsed time spent in this place.
 B = Non-inter-level travel time spent in this place.
 C = Inter-level travel time spent in this place.
 D = Time resting spent in this place.
 E = Time spent auto-exploring this place.
 F = Levels seen in this place.
 G = Mean time per level.
                   A        B        C        D        E       F      G
               +--------+--------+--------+--------+--------+-----+--------+
         Total |   1419 |   1354 |     65 |     87 |    528 |   2 |  709.5 |
       Dungeon |   1419 |   1354 |     65 |     87 |    528 |   2 |  709.5 |
               +--------+--------+--------+--------+--------+-----+--------+

Top non-repeatable levels by time:
     D:1: 1057 daAuts
     D:2: 362 daAuts
